[ AOE2 MATCH · #473760873 ]
UnrankedKhmer vs Vietnamese
[ REPLAY ANALYSIS · EXTRACTED FROM THE RECORDED GAME ]
Feudal
10:59
Castle
13:46
Imperial
37:23
| APM avg | 29.1 |
| APM peak | 74 |
| eAPM avg | 13.9 |
| Villagers / military | 115 / 102 |
Focus
⚔️ 24.6% · 🌾 75.4%
Spearman ×50 · Battle Elephant ×19 · Knight ×17 · Scout Cavalry ×11 · Mangonel ×5
Feudal
10:12
Castle
21:28
Imperial
34:53
| APM avg | 31.2 |
| APM peak | 80 |
| eAPM avg | 13.8 |
| Villagers / military | 177 / 161 |
Focus
⚔️ 35.6% · 🌾 64.4%
Archer ×154 · Unknown (1942) ×6 · Militia ×3 · Mangonel ×2 · Skirmisher ×1 · Unknown (1978) ×1
Feudal
11:41
Castle
15:36
Imperial
30:12
| APM avg | 27.7 |
| APM peak | 52 |
| eAPM avg | 18.1 |
| Villagers / military | 153 / 168 |
Focus
⚔️ 34.9% · 🌾 65.1%
Battle Elephant ×62 · Rattan Archer ×56 · Skirmisher ×34 · Knight ×7 · Spearman ×7 · Mangonel ×1
Feudal
10:40
Castle
14:32
Imperial
39:29
| APM avg | 40.4 |
| APM peak | 57 |
| eAPM avg | 25.1 |
| Villagers / military | 234 / 152 |
Focus
⚔️ 44.3% · 🌾 55.7%
Spearman ×56 · Archer ×29 · Organ Gun ×26 · Skirmisher ×24 · Monk ×17
Feudal
9:17
Castle
21:21
Imperial
36:44
| APM avg | 31.2 |
| APM peak | 65 |
| eAPM avg | 19.8 |
| Villagers / military | 155 / 323 |
Focus
⚔️ 29.6% · 🌾 70.4%
Knight ×209 · Spearman ×99 · Trebuchet (Packed) ×7 · Camel Scout ×6 · Monk ×2
Feudal
12:46
Castle
24:26
Imperial
—
| APM avg | 20.5 |
| APM peak | 54 |
| eAPM avg | 11.3 |
| Villagers / military | 84 / 35 |
Focus
⚔️ 28.9% · 🌾 71.1%
Archer ×33 · Battering Ram ×2
Feudal
15:12
Castle
23:16
Imperial
44:37
| APM avg | 23.9 |
| APM peak | 84 |
| eAPM avg | 15.3 |
| Villagers / military | 184 / 37 |
Focus
⚔️ 18.8% · 🌾 81.2%
Konnik ×17 · Militia ×9 · Archer ×7 · Skirmisher ×2 · Battering Ram ×2
Feudal
12:09
Castle
16:04
Imperial
40:26
| APM avg | 28.6 |
| APM peak | 77 |
| eAPM avg | 18.4 |
| Villagers / military | 151 / 119 |
Focus
⚔️ 29.2% · 🌾 70.8%
Knight ×106 · Skirmisher ×10 · Monk ×2 · Trebuchet (Packed) ×1
Match map
Initial resources + every placement click. Lines = walls · curves = elevation contours. ◆ gold · ⬟ stone · ● berries · ✦ relic · ◌ wall gap
Your base· ✓ Closed at 13:46 · 16t walls · no gate
bullmeister's base· ✓ Closed at 21:28 · 17t walls · 1 gate(s)
CTM | EnanaAtomica's base· ✓ Closed at 15:36 · 0t walls · 1 gate(s)
CTM | Lelouch's base· ✓ Closed at 14:32 · 7t walls · 1 gate(s)
Fs.Corisco^Hs's base· ✓ Closed at 21:21 · 7t walls · 1 gate(s)
Rodrigovet's base· ✓ Closed at 24:26 · 32t walls · 2 gate(s)
Bloodskill96's base· ✓ Closed at 23:16 · 5t walls · 2 gate(s)
CTM | Valquian's base· ✓ Closed at 16:04 · 6t walls · 1 gate(s)
Smoothed initial terrain · ◌ = detected wall gap · hover for details
Inputs per minute
— [H] Sir Benedict - - bullmeister
Build order — [H] Sir Benedict
First 150 of 322 actions detected
| 0:02 | Create | Villager (Male) |
| 0:02 | Create | Villager (Male) |
| 0:02 | Create | Villager (Male) |
| 0:02 | Create | Villager (Male) |
| 0:05 | Build | House |
| 0:08 | Build | House |
| 1:24 | Create | Villager (Male) |
| 2:04 | Create | Villager (Male) |
| 2:04 | Create | Villager (Male) |
| 2:05 | Create | Villager (Male) |
| 2:15 | Build | Lumber Camp |
| 2:45 | Create | Villager (Male) |
| 3:23 | Create | Villager (Male) |
| 3:23 | Create | Villager (Male) |
| 3:30 | Create | Villager (Male) |
| 3:43 | Build | House |
| 4:11 | Create | Villager (Male) |
| 4:11 | Create | Villager (Male) |
| 4:29 | Build | House |
| 4:49 | Build | Palisade Wall |
| 4:50 | Build | Palisade Wall |
| 4:51 | Build | Palisade Wall |
| 5:10 | Build | Mill |
| 5:13 | Create | Villager (Male) |
| 5:23 | Build | Palisade Wall |
| 5:26 | Build | Palisade Wall |
| 5:48 | Create | Villager (Male) |
| 5:48 | Create | Villager (Male) |
| 6:01 | Create | Villager (Male) |
| 6:01 | Create | Villager (Male) |
| 6:01 | Create | Villager (Male) |
| 6:54 | Build | Palisade Wall |
| 6:58 | Build | Palisade Wall |
| 7:53 | Create | Villager (Male) |
| 8:04 | Build | Farm |
| 8:09 | Build | Mining Camp |
| 8:12 | Create | Villager (Male) |
| 8:29 | Research | Feudal Age |
| 10:17 | Build | Farm |
| 10:23 | Build | Farm |
| 10:27 | Build | Farm |
| 10:59 | Age | Feudal Age |
| 11:06 | Research | Castle Age |
| 11:56 | Build | Stable |
| 12:39 | Build | House |
| 12:42 | Research | Double-Bit Axe |
| 12:44 | Research | Horse Collar |
| 13:19 | Research | Bloodlines |
| 13:31 | Build | Blacksmith |
| 13:46 | Age | Castle Age |
| 14:17 | Create | Battle Elephant |
| 14:41 | Build | Farm |
| 14:45 | Build | Farm |
| 14:48 | Build | Farm |
| 14:53 | Create | Battle Elephant |
| 14:54 | Create | Villager (Male) |
| 15:07 | Build | House |
| 15:13 | Build | Farm |
| 15:17 | Build | Farm |
| 15:23 | Build | Farm |
| 15:27 | Create | Battle Elephant |
| 15:29 | Create | Villager (Male) |
| 15:50 | Build | House |
| 15:55 | Create | Villager (Male) |
| 16:02 | Create | Battle Elephant |
| 16:44 | Create | Scout Cavalry |
| 16:45 | Create | Villager (Male) |
| 16:58 | Build | House |
| 16:59 | Build | House |
| 17:05 | Build | Farm |
| 18:03 | Create | Villager (Male) |
| 18:04 | Create | Villager (Male) |
| 18:08 | Build | House |
| 18:09 | Build | House |
| 18:17 | Build | Town Center |
| 18:22 | Create | Battle Elephant |
| 18:22 | Create | Battle Elephant |
| 18:34 | Research | Forging |
| 19:04 | Create | Villager (Male) |
| 19:05 | Create | Villager (Male) |
| 19:28 | Build | Gate |
| 19:35 | Create | Villager (Male) |
| 19:38 | Create | Knight |
| 21:07 | Create | Scout Cavalry |
| 21:16 | Create | Villager (Male) |
| 21:16 | Create | Villager (Male) |
| 21:16 | Create | Villager (Male) |
| 21:39 | Create | Villager (Male) |
| 21:39 | Create | Villager (Male) |
| 21:41 | Research | Loom |
| 21:56 | Build | Town Center |
| 22:00 | Create | Villager (Male) |
| 22:00 | Create | Villager (Male) |
| 22:13 | Build | Farm |
| 22:26 | Create | Knight |
| 22:31 | Build | Lumber Camp |
| 22:36 | Build | Farm |
| 23:08 | Create | Scout Cavalry |
| 23:21 | Create | Battle Elephant |
| 23:28 | Create | Villager (Male) |
| 23:28 | Create | Villager (Male) |
| 23:44 | Create | Villager (Male) |
| 23:44 | Create | Villager (Male) |
| 24:07 | Create | Scout Cavalry |
| 24:14 | Build | Stable |
| 24:20 | Build | Mill |
| 24:29 | Create | Villager (Male) |
| 24:29 | Create | Villager (Male) |
| 24:54 | Build | Farm |
| 24:54 | Build | Farm |
| 24:54 | Build | Farm |
| 24:54 | Build | Farm |
| 25:00 | Create | Battle Elephant |
| 25:33 | Create | Battle Elephant |
| 25:33 | Create | Battle Elephant |
| 25:51 | Create | Villager (Male) |
| 26:09 | Research | Scale Barding Armor |
| 26:54 | Create | Battle Elephant ×2 |
| 27:05 | Build | Farm |
| 27:05 | Build | Farm |
| 27:06 | Build | Farm |
| 27:06 | Build | Farm |
| 27:06 | Build | Farm |
| 27:07 | Build | Farm |
| 27:08 | Build | Farm |
| 27:37 | Research | Chain Barding Armor |
| 27:59 | Create | Battle Elephant |
| 28:05 | Build | Farm |
| 29:14 | Research | Husbandry |
| 29:16 | Create | Villager (Male) |
| 29:16 | Create | Villager (Male) |
| 29:47 | Create | Villager (Male) |
| 29:47 | Create | Villager (Male) |
| 29:48 | Create | Villager (Male) |
| 29:50 | Create | Knight |
| 29:50 | Create | Knight |
| 29:51 | Create | Villager (Male) |
| 29:51 | Create | Villager (Male) |
| 30:40 | Create | Villager (Male) |
| 30:40 | Create | Villager (Male) |
| 30:47 | Build | House |
| 30:48 | Build | House |
| 30:48 | Build | House |
| 30:49 | Build | House |
| 30:49 | Build | House |
| 30:50 | Build | House |
| 30:50 | Build | House |
| 30:50 | Build | House |
| 30:51 | Build | House |
| 30:51 | Build | House |
Build order — bullmeister
First 150 of 355 actions detected
| 0:02 | Create | Villager (Male) ×4 |
| 0:04 | Build | House |
| 0:05 | Build | House |
| 1:30 | Create | Villager (Male) |
| 1:46 | Build | Lumber Camp |
| 1:59 | Create | Villager (Male) |
| 1:59 | Create | Villager (Male) |
| 2:27 | Create | Villager (Male) |
| 3:00 | Create | Villager (Male) |
| 3:00 | Create | Villager (Male) |
| 3:39 | Create | Villager (Male) |
| 3:55 | Build | House |
| 4:08 | Create | Villager (Male) |
| 4:14 | Create | Villager (Male) |
| 4:20 | Build | Mill |
| 4:28 | Build | House |
| 4:52 | Build | Palisade Wall |
| 4:58 | Build | Palisade Wall |
| 5:04 | Create | Villager (Male) |
| 5:04 | Create | Villager (Male) |
| 5:04 | Create | Villager (Male) |
| 5:05 | Create | Villager (Male) |
| 5:32 | Build | Palisade Wall |
| 6:03 | Create | Villager (Male) |
| 6:36 | Create | Villager (Male) |
| 6:36 | Create | Villager (Male) |
| 7:17 | Build | Barracks |
| 7:37 | Research | Loom |
| 7:48 | Build | Mining Camp |
| 7:58 | Research | Feudal Age |
| 8:24 | Build | House |
| 8:26 | Create | Militia |
| 8:58 | Build | House |
| 9:00 | Create | Militia |
| 9:02 | Create | Militia |
| 9:52 | Create | Villager (Male) |
| 10:12 | Age | Feudal Age |
| 10:18 | Build | Archery Range |
| 10:19 | Create | Villager (Male) |
| 10:22 | Research | Double-Bit Axe |
| 10:35 | Research | Horse Collar |
| 10:54 | Build | Farm |
| 10:56 | Build | Farm |
| 10:57 | Build | Farm |
| 11:03 | Create | Villager (Male) |
| 11:17 | Create | Villager (Male) |
| 11:22 | Build | Blacksmith |
| 11:30 | Create | Villager (Male) |
| 11:53 | Create | Archer |
| 11:56 | Build | Farm |
| 12:12 | Build | House |
| 12:13 | Create | Archer |
| 12:19 | Create | Villager (Male) |
| 12:23 | Build | Farm |
| 12:25 | Create | Villager (Male) |
| 12:39 | Build | House |
| 12:41 | Create | Villager (Male) |
| 12:43 | Create | Archer |
| 12:54 | Build | Farm |
| 13:02 | Build | House |
| 13:19 | Build | Palisade Gate |
| 13:21 | Build | Palisade Wall |
| 13:28 | Create | Villager (Male) |
| 13:29 | Create | Archer |
| 13:38 | Create | Villager (Male) |
| 13:52 | Build | Farm |
| 14:18 | Build | House |
| 14:18 | Create | Archer |
| 14:38 | Create | Villager (Male) |
| 14:41 | Build | Farm |
| 14:44 | Build | Farm |
| 14:46 | Build | Farm |
| 14:48 | Create | Villager (Male) |
| 14:48 | Create | Archer |
| 14:55 | Build | Palisade Wall |
| 15:08 | Build | Farm |
| 15:14 | Build | Farm |
| 15:16 | Create | Villager (Male) |
| 15:17 | Create | Archer |
| 15:20 | Build | House |
| 15:27 | Research | Fletching |
| 15:41 | Build | House |
| 15:43 | Build | House |
| 15:44 | Create | Villager (Male) |
| 15:45 | Create | Archer |
| 15:56 | Create | Villager (Male) |
| 16:03 | Build | Farm |
| 16:22 | Build | House |
| 16:23 | Create | Villager (Male) |
| 16:23 | Create | Archer |
| 16:47 | Build | House |
| 16:48 | Create | Villager (Male) |
| 16:49 | Create | Archer |
| 17:15 | Build | House |
| 17:18 | Research | Wheelbarrow |
| 17:19 | Create | Archer |
| 17:45 | Build | House |
| 17:48 | Create | Archer |
| 18:08 | Build | House |
| 18:29 | Build | House |
| 18:32 | Research | Castle Age |
| 18:36 | Build | Archery Range |
| 19:00 | Create | Archer |
| 19:02 | Research | Gold Mining |
| 19:07 | Create | Archer |
| 19:41 | Create | Skirmisher |
| 19:43 | Create | Archer |
| 19:43 | Create | Archer |
| 19:49 | Create | Archer |
| 19:51 | Build | House |
| 20:28 | Build | House |
| 20:29 | Create | Archer |
| 20:29 | Create | Archer |
| 20:50 | Build | House |
| 20:51 | Create | Villager (Male) |
| 20:52 | Create | Archer |
| 21:12 | Create | Archer |
| 21:12 | Create | Archer |
| 21:28 | Age | Castle Age |
| 21:34 | Build | Siege Workshop |
| 21:39 | Research | Crossbowman (upgrade) |
| 21:40 | Research | Bodkin Arrow |
| 21:41 | Create | Villager (Male) |
| 21:43 | Research | Bow Saw |
| 21:44 | Research | Heavy Plow |
| 21:55 | Build | Town Center |
| 22:00 | Build | Lumber Camp |
| 22:05 | Create | Villager (Male) |
| 22:07 | Build | House |
| 22:12 | Create | Villager (Male) |
| 22:31 | Create | Archer |
| 22:31 | Create | Archer |
| 22:43 | Create | Archer |
| 22:44 | Create | Archer |
| 23:20 | Build | Town Center |
| 23:22 | Create | Villager (Male) |
| 23:22 | Create | Villager (Male) |
| 23:29 | Create | Archer |
| 23:29 | Create | Archer |
| 23:36 | Create | Villager (Male) |
| 23:36 | Create | Villager (Male) |
| 23:50 | Create | Villager (Male) |
| 23:50 | Create | Villager (Male) |
| 23:50 | Create | Villager (Male) |
| 23:56 | Build | University |
| 23:57 | Create | Villager (Male) |
| 23:57 | Create | Villager (Male) |
| 24:05 | Create | Mangonel |
| 24:11 | Create | Villager (Male) |
| 24:11 | Create | Villager (Male) |
Build order — CTM | EnanaAtomica
First 150 of 465 actions detected
| 0:02 | Create | Villager (Male) |
| 0:02 | Create | Villager (Male) |
| 0:02 | Create | Villager (Male) |
| 0:04 | Build | House |
| 0:05 | Build | House |
| 1:10 | Create | Villager (Male) |
| 1:11 | Create | Villager (Male) |
| 1:29 | Build | Lumber Camp |
| 1:39 | Create | Villager (Male) |
| 1:40 | Create | Villager (Male) |
| 2:16 | Create | Villager (Male) |
| 2:16 | Create | Villager (Male) |
| 2:35 | Create | Villager (Male) |
| 2:35 | Create | Villager (Male) |
| 3:11 | Create | Villager (Male) |
| 3:11 | Create | Villager (Male) |
| 3:32 | Create | Villager (Male) |
| 3:32 | Create | Villager (Male) |
| 3:42 | Build | House |
| 3:59 | Create | Villager (Male) |
| 3:59 | Create | Villager (Male) |
| 4:18 | Create | Villager (Male) |
| 4:18 | Create | Villager (Male) |
| 4:39 | Build | House |
| 4:51 | Create | Villager (Male) |
| 4:52 | Create | Villager (Male) |
| 5:08 | Build | House |
| 5:13 | Create | Villager (Male) |
| 5:14 | Create | Villager (Male) |
| 5:14 | Create | Villager (Male) |
| 5:47 | Build | Mill |
| 5:58 | Build | Palisade Gate |
| 6:14 | Create | Villager (Male) |
| 6:14 | Create | Villager (Male) |
| 6:15 | Create | Villager (Male) |
| 6:21 | Build | House |
| 7:17 | Create | Villager (Male) |
| 7:18 | Create | Villager (Male) |
| 7:48 | Build | Mining Camp |
| 8:14 | Create | Villager (Male) |
| 8:46 | Create | Villager (Male) |
| 9:31 | Research | Feudal Age |
| 9:40 | Research | Loom |
| 9:42 | Create | Villager (Male) |
| 11:41 | Age | Feudal Age |
| 11:46 | Build | Blacksmith |
| 11:51 | Build | Market |
| 12:31 | Build | Farm |
| 12:45 | Build | Farm |
| 12:51 | Build | Farm |
| 12:56 | Research | Castle Age |
| 13:33 | Build | Farm |
| 13:41 | Research | Double-Bit Axe |
| 13:43 | Create | Villager (Male) |
| 13:43 | Create | Villager (Male) |
| 14:46 | Create | Villager (Male) |
| 15:36 | Age | Castle Age |
| 15:37 | Build | Gate |
| 15:46 | Build | Town Center |
| 15:56 | Create | Villager (Male) |
| 15:57 | Create | Villager (Male) |
| 16:20 | Build | Town Center |
| 16:28 | Create | Villager (Male) |
| 16:30 | Research | Bow Saw |
| 16:36 | Research | Horse Collar |
| 16:40 | Create | Villager (Male) |
| 16:40 | Create | Villager (Male) |
| 16:40 | Create | Villager (Male) |
| 16:53 | Build | House |
| 17:21 | Build | Stone Wall |
| 17:28 | Build | Stone Wall |
| 17:37 | Create | Villager (Male) |
| 17:40 | Build | Farm |
| 17:40 | Build | Farm |
| 17:40 | Build | Farm |
| 17:44 | Build | Farm |
| 18:16 | Build | House |
| 18:22 | Build | House |
| 18:39 | Build | Stone Wall |
| 18:53 | Build | Gate |
| 18:57 | Create | Villager (Male) |
| 18:58 | Create | Villager (Male) |
| 19:02 | Build | Siege Workshop |
| 19:04 | Build | House |
| 19:19 | Create | Villager (Male) |
| 19:19 | Create | Villager (Male) |
| 19:23 | Build | Farm |
| 19:24 | Build | Farm |
| 19:24 | Build | Farm |
| 19:27 | Create | Villager (Male) |
| 19:28 | Create | Villager (Male) |
| 19:50 | Build | Farm |
| 19:50 | Build | Farm |
| 20:01 | Build | Farm |
| 20:14 | Create | Villager (Male) |
| 20:14 | Create | Villager (Male) |
| 20:24 | Build | Farm |
| 20:25 | Build | Farm |
| 20:26 | Create | Villager (Male) |
| 20:29 | Build | Farm |
| 20:40 | Create | Villager (Male) |
| 20:48 | Build | Mining Camp |
| 20:52 | Build | Mining Camp |
| 20:54 | Create | Villager (Male) |
| 21:06 | Build | Farm |
| 21:08 | Create | Villager (Male) |
| 21:10 | Create | Villager (Male) |
| 21:10 | Create | Villager (Male) |
| 21:17 | Create | Villager (Male) |
| 21:17 | Create | Villager (Male) |
| 21:28 | Build | Farm |
| 21:30 | Build | Farm |
| 21:32 | Build | Farm |
| 21:35 | Create | Villager (Male) |
| 21:35 | Create | Villager (Male) |
| 21:48 | Create | Villager (Male) |
| 21:49 | Create | Villager (Male) |
| 22:19 | Build | Farm |
| 22:22 | Build | Farm |
| 22:23 | Build | Farm |
| 22:32 | Build | Farm |
| 22:33 | Build | Farm |
| 22:37 | Build | Farm |
| 22:38 | Create | Villager (Male) |
| 22:39 | Create | Villager (Male) |
| 22:49 | Create | Villager (Male) |
| 22:54 | Create | Villager (Male) |
| 22:55 | Create | Villager (Male) |
| 23:14 | Build | Farm |
| 23:29 | Build | Farm |
| 23:32 | Create | Villager (Male) |
| 23:38 | Build | Farm |
| 24:07 | Research | Heavy Plow |
| 24:10 | Build | Farm |
| 24:11 | Build | Farm |
| 24:15 | Build | Farm |
| 24:17 | Build | House |
| 24:22 | Build | House |
| 24:22 | Build | House |
| 24:40 | Build | Farm |
| 24:44 | Create | Villager (Male) |
| 24:44 | Create | Villager (Male) |
| 24:47 | Build | House |
| 24:48 | Build | House |
| 24:55 | Research | Fletching |
| 25:00 | Build | Farm |
| 25:07 | Build | Farm |
| 25:56 | Build | Castle |
| 26:05 | Create | Mangonel |
| 26:08 | Create | Villager (Male) |
Build order — CTM | Lelouch
First 150 of 592 actions detected
| 0:03 | Create | Villager (Male) |
| 0:03 | Create | Villager (Male) |
| 0:03 | Create | Villager (Male) |
| 0:04 | Create | Villager (Male) |
| 0:06 | Build | House |
| 0:08 | Build | House |
| 1:31 | Create | Villager (Male) |
| 1:31 | Create | Villager (Male) |
| 1:57 | Create | Villager (Male) |
| 2:16 | Build | Lumber Camp |
| 2:32 | Create | Villager (Male) |
| 2:32 | Create | Villager (Male) |
| 3:00 | Create | Villager (Male) |
| 3:00 | Create | Villager (Male) |
| 3:15 | Create | Villager (Male) |
| 3:16 | Create | Villager (Male) |
| 3:16 | Create | Villager (Male) |
| 3:44 | Create | Villager (Male) |
| 3:44 | Create | Villager (Male) |
| 4:12 | Build | House |
| 4:22 | Build | House |
| 4:26 | Create | Villager (Male) |
| 4:26 | Create | Villager (Male) |
| 4:26 | Create | Villager (Male) |
| 4:42 | Create | Villager (Male) |
| 5:05 | Build | House |
| 5:12 | Create | Villager (Male) |
| 5:13 | Create | Villager (Male) |
| 5:13 | Create | Villager (Male) |
| 5:32 | Build | House |
| 5:53 | Build | House |
| 6:15 | Create | Villager (Male) |
| 6:17 | Build | Mill |
| 6:31 | Build | House |
| 6:43 | Create | Villager (Male) |
| 7:08 | Build | Palisade Wall |
| 7:12 | Create | Villager (Male) |
| 7:14 | Create | Villager (Male) |
| 8:05 | Build | Mining Camp |
| 8:30 | Research | Feudal Age |
| 8:30 | Research | Feudal Age |
| 9:31 | Research | Loom |
| 10:40 | Age | Feudal Age |
| 10:49 | Build | Mining Camp |
| 10:58 | Build | Market |
| 11:03 | Build | Blacksmith |
| 11:07 | Create | Villager (Male) |
| 11:08 | Create | Villager (Male) |
| 11:27 | Create | Villager (Male) |
| 11:51 | Build | Gate |
| 11:53 | Research | Castle Age |
| 13:48 | Research | Double-Bit Axe |
| 13:48 | Research | Double-Bit Axe |
| 14:00 | Research | Gold Mining |
| 14:32 | Age | Castle Age |
| 14:34 | Create | Villager (Male) |
| 14:37 | Build | Monastery |
| 14:44 | Create | Villager (Male) |
| 15:12 | Build | Castle |
| 15:19 | Create | Villager (Male) |
| 15:21 | Create | Villager (Male) |
| 15:28 | Create | Monk |
| 16:00 | Create | Villager (Male) |
| 16:00 | Create | Villager (Male) |
| 16:01 | Build | Monastery |
| 16:16 | Create | Monk |
| 16:50 | Create | Villager (Male) |
| 16:50 | Create | Villager (Male) |
| 16:55 | Create | Organ Gun |
| 16:55 | Create | Organ Gun |
| 17:13 | Create | Monk |
| 17:23 | Create | Villager (Male) |
| 17:33 | Create | Organ Gun |
| 17:36 | Create | Monk |
| 17:39 | Create | Villager (Male) |
| 17:39 | Create | Villager (Male) |
| 17:40 | Create | Villager (Male) |
| 17:52 | Build | Farm |
| 17:59 | Create | Villager (Male) |
| 17:59 | Create | Villager (Male) |
| 18:00 | Create | Villager (Male) |
| 18:18 | Create | Organ Gun |
| 18:18 | Create | Organ Gun |
| 18:22 | Create | Monk |
| 19:09 | Create | Organ Gun |
| 19:09 | Create | Organ Gun |
| 19:09 | Create | Villager (Male) |
| 19:17 | Research | Sanctity |
| 19:17 | Research | Sanctity |
| 19:19 | Build | Farm |
| 19:20 | Build | Farm |
| 19:40 | Build | Farm |
| 19:41 | Build | Farm |
| 19:58 | Create | Organ Gun |
| 19:58 | Create | Organ Gun |
| 20:13 | Create | Organ Gun |
| 20:13 | Create | Organ Gun |
| 20:42 | Create | Villager (Male) |
| 20:42 | Create | Villager (Male) |
| 20:42 | Create | Villager (Male) |
| 20:46 | Build | Farm |
| 20:47 | Build | Farm |
| 20:49 | Build | Farm |
| 20:53 | Create | Villager (Male) |
| 21:11 | Create | Monk |
| 21:11 | Create | Monk |
| 21:28 | Create | Villager (Male) |
| 21:28 | Create | Villager (Male) |
| 21:41 | Create | Villager (Male) |
| 21:42 | Create | Villager (Male) |
| 21:52 | Build | Town Center |
| 21:58 | Create | Villager (Male) |
| 21:58 | Create | Villager (Male) |
| 22:07 | Research | Fervor |
| 22:08 | Research | Fervor |
| 22:22 | Create | Villager (Male) |
| 22:23 | Create | Villager (Male) |
| 22:48 | Research | Redemption |
| 22:49 | Research | Redemption |
| 22:51 | Build | House |
| 22:52 | Build | House |
| 22:59 | Create | Villager (Male) |
| 23:00 | Create | Villager (Male) |
| 23:10 | Build | House |
| 23:25 | Create | Organ Gun |
| 23:25 | Create | Organ Gun |
| 23:26 | Create | Villager (Male) |
| 23:26 | Create | Villager (Male) |
| 23:34 | Create | Villager (Male) |
| 24:22 | Create | Villager (Male) |
| 24:28 | Create | Villager (Male) |
| 24:28 | Create | Villager (Male) |
| 24:37 | Build | Castle |
| 24:39 | Create | Villager (Male) |
| 24:39 | Create | Villager (Male) |
| 25:13 | Create | Villager (Male) |
| 25:22 | Create | Villager (Male) |
| 25:24 | Build | Siege Workshop |
| 25:33 | Create | Organ Gun |
| 25:40 | Build | Town Center |
| 25:44 | Create | Villager (Male) |
| 25:46 | Create | Monk |
| 25:46 | Create | Monk |
| 25:59 | Create | Villager (Male) |
| 26:08 | Create | Organ Gun |
| 26:14 | Create | Villager (Male) |
| 26:14 | Create | Villager (Male) |
| 26:41 | Create | Villager (Male) |
| 26:41 | Create | Villager (Male) |
| 26:49 | Create | Organ Gun |
Build order — Fs.Corisco^Hs
First 150 of 443 actions detected
| 0:01 | Create | Villager (Male) |
| 0:02 | Create | Villager (Male) |
| 0:02 | Create | Villager (Male) |
| 0:03 | Build | House |
| 0:05 | Build | House |
| 0:22 | Create | Villager (Male) |
| 0:23 | Create | Villager (Male) |
| 1:24 | Create | Villager (Male) |
| 1:24 | Create | Villager (Male) |
| 1:48 | Build | Lumber Camp |
| 2:07 | Create | Villager (Male) |
| 2:07 | Create | Villager (Male) |
| 2:14 | Create | Villager (Male) |
| 2:14 | Create | Villager (Male) |
| 2:46 | Create | Villager (Male) |
| 2:46 | Create | Villager (Male) |
| 3:04 | Create | Villager (Male) |
| 3:04 | Create | Villager (Male) |
| 3:27 | Create | Villager (Male) |
| 3:28 | Create | Villager (Male) |
| 3:53 | Build | House |
| 4:01 | Create | Villager (Male) |
| 4:02 | Create | Villager (Male) |
| 4:16 | Create | Villager (Male) |
| 4:16 | Create | Villager (Male) |
| 4:26 | Build | Mill |
| 5:15 | Create | Villager (Male) |
| 5:15 | Create | Villager (Male) |
| 5:47 | Create | Villager (Male) |
| 6:05 | Build | Palisade Gate |
| 6:11 | Build | Palisade Wall |
| 6:24 | Research | Loom |
| 6:46 | Research | Feudal Age |
| 7:43 | Build | Palisade Wall |
| 7:58 | Create | Villager (Male) |
| 7:58 | Create | Villager (Male) |
| 8:12 | Build | House |
| 9:17 | Age | Feudal Age |
| 9:22 | Research | Double-Bit Axe |
| 9:24 | Research | Horse Collar |
| 9:28 | Build | Town Center |
| 9:34 | Create | Villager (Male) |
| 9:35 | Create | Villager (Male) |
| 10:19 | Build | Farm |
| 10:39 | Build | House |
| 10:43 | Build | House |
| 10:47 | Create | Villager (Male) |
| 10:47 | Create | Villager (Male) |
| 10:55 | Build | Farm |
| 11:06 | Create | Villager (Male) |
| 11:07 | Create | Villager (Male) |
| 11:07 | Create | Villager (Male) |
| 11:14 | Build | Farm |
| 11:37 | Create | Villager (Male) |
| 11:38 | Create | Villager (Male) |
| 11:40 | Build | Farm |
| 11:43 | Build | Farm |
| 11:45 | Create | Villager (Male) |
| 11:45 | Create | Villager (Male) |
| 12:23 | Build | House |
| 12:24 | Build | House |
| 12:25 | Create | Villager (Male) |
| 12:25 | Create | Villager (Male) |
| 12:26 | Create | Villager (Male) |
| 12:28 | Create | Villager (Male) |
| 12:28 | Create | Villager (Male) |
| 12:34 | Build | Farm |
| 12:34 | Build | Farm |
| 12:36 | Build | Farm |
| 12:38 | Create | Villager (Male) |
| 12:38 | Create | Villager (Male) |
| 12:47 | Build | Farm |
| 12:48 | Build | Farm |
| 12:52 | Create | Villager (Male) |
| 12:52 | Create | Villager (Male) |
| 12:58 | Build | Farm |
| 13:20 | Build | Farm |
| 13:25 | Create | Villager (Male) |
| 13:25 | Create | Villager (Male) |
| 13:26 | Create | Villager (Male) |
| 13:26 | Create | Villager (Male) |
| 13:49 | Create | Villager (Male) |
| 13:49 | Create | Villager (Male) |
| 13:49 | Create | Villager (Male) |
| 14:01 | Build | Market |
| 14:07 | Build | Farm |
| 14:10 | Build | Farm |
| 14:12 | Create | Villager (Male) |
| 14:12 | Create | Villager (Male) |
| 14:12 | Create | Villager (Male) |
| 14:13 | Create | Villager (Male) |
| 14:26 | Build | Farm |
| 14:27 | Build | Farm |
| 14:46 | Create | Villager (Male) |
| 14:46 | Create | Villager (Male) |
| 14:46 | Create | Villager (Male) |
| 14:46 | Create | Villager (Male) |
| 15:06 | Build | Blacksmith |
| 15:18 | Build | Mining Camp |
| 15:22 | Create | Villager (Male) |
| 15:22 | Create | Villager (Male) |
| 15:28 | Build | Farm |
| 15:39 | Build | House |
| 15:40 | Build | House |
| 15:41 | Build | House |
| 15:49 | Research | Wheelbarrow |
| 15:52 | Create | Villager (Male) |
| 15:53 | Create | Villager (Male) |
| 16:09 | Create | Villager (Male) |
| 16:09 | Create | Villager (Male) |
| 16:14 | Build | Farm |
| 16:26 | Build | House |
| 16:27 | Build | House |
| 16:38 | Build | Farm |
| 16:46 | Build | Barracks |
| 17:05 | Create | Villager (Male) |
| 17:06 | Create | Villager (Male) |
| 17:14 | Build | Farm |
| 17:35 | Build | Stable |
| 17:38 | Build | Stable |
| 17:53 | Create | Villager (Male) |
| 17:55 | Create | Villager (Male) |
| 18:01 | Build | Farm |
| 18:34 | Build | Stable |
| 18:39 | Research | Castle Age |
| 19:00 | Build | Farm |
| 19:00 | Build | Farm |
| 19:00 | Build | Farm |
| 19:01 | Build | Farm |
| 19:01 | Build | Farm |
| 19:01 | Build | Farm |
| 19:02 | Build | Farm |
| 19:14 | Build | Lumber Camp |
| 19:25 | Build | Stable |
| 19:29 | Build | House |
| 19:30 | Build | House |
| 19:31 | Build | House |
| 19:38 | Research | Scale Barding Armor |
| 19:39 | Research | Forging |
| 19:43 | Research | Bloodlines |
| 19:43 | Research | Bloodlines |
| 19:49 | Create | Villager (Male) |
| 19:49 | Create | Villager (Male) |
| 19:49 | Create | Villager (Male) |
| 19:50 | Create | Villager (Male) |
| 20:18 | Build | Farm |
| 20:23 | Research | Gold Mining |
| 21:01 | Create | Villager (Male) |
| 21:01 | Create | Villager (Male) |
| 21:02 | Create | Villager (Male) |
Build order — Rodrigovet
First 150 of 233 actions detected
| 0:01 | Create | Villager (Male) |
| 0:01 | Create | Villager (Male) |
| 0:04 | Build | House |
| 0:06 | Build | House |
| 0:26 | Create | Villager (Male) |
| 0:34 | Create | Villager (Male) |
| 1:32 | Create | Villager (Male) |
| 1:40 | Build | House |
| 2:10 | Build | House |
| 2:19 | Create | Villager (Male) |
| 2:30 | Create | Villager (Male) |
| 2:31 | Create | Villager (Male) |
| 2:43 | Build | Palisade Wall |
| 3:15 | Create | Villager (Male) |
| 3:15 | Create | Villager (Male) |
| 3:39 | Build | Palisade Gate |
| 3:45 | Create | Villager (Male) |
| 3:45 | Create | Villager (Male) |
| 3:46 | Create | Villager (Male) |
| 4:30 | Create | Villager (Male) |
| 4:36 | Build | House |
| 5:12 | Create | Villager (Male) |
| 5:12 | Create | Villager (Male) |
| 5:13 | Create | Villager (Male) |
| 5:13 | Create | Villager (Male) |
| 5:19 | Build | Palisade Wall |
| 5:28 | Build | Mill |
| 5:55 | Create | Villager (Male) |
| 5:55 | Create | Villager (Male) |
| 6:46 | Build | Palisade Wall |
| 6:48 | Build | Palisade Wall |
| 7:03 | Create | Villager (Male) |
| 7:03 | Create | Villager (Male) |
| 7:19 | Build | Palisade Wall |
| 7:25 | Build | Palisade Wall |
| 7:28 | Build | Palisade Wall |
| 7:36 | Create | Villager (Male) |
| 8:32 | Research | Loom |
| 8:40 | Create | Villager (Male) |
| 8:41 | Create | Villager (Male) |
| 9:07 | Build | Palisade Wall |
| 9:42 | Create | Villager (Male) |
| 9:58 | Build | Lumber Camp |
| 10:36 | Research | Feudal Age |
| 10:36 | Research | Feudal Age |
| 10:58 | Build | House |
| 11:34 | Build | Mining Camp |
| 12:11 | Build | Barracks |
| 12:46 | Age | Feudal Age |
| 12:52 | Create | Villager (Male) |
| 12:52 | Create | Villager (Male) |
| 13:06 | Build | Archery Range |
| 13:16 | Research | Double-Bit Axe |
| 13:36 | Create | Villager (Male) |
| 13:37 | Create | Villager (Male) |
| 13:39 | Create | Archer |
| 13:44 | Create | Archer |
| 14:05 | Create | Villager (Male) |
| 14:36 | Build | Blacksmith |
| 14:41 | Create | Archer |
| 14:45 | Create | Villager (Male) |
| 15:01 | Build | Farm |
| 15:14 | Build | House |
| 15:33 | Research | Fletching |
| 15:50 | Create | Villager (Male) |
| 15:51 | Create | Villager (Male) |
| 15:52 | Create | Villager (Male) |
| 16:05 | Build | House |
| 16:07 | Build | House |
| 16:21 | Create | Villager (Male) |
| 16:25 | Build | Farm |
| 16:34 | Build | Outpost |
| 16:45 | Create | Villager (Male) |
| 17:03 | Build | Market |
| 17:08 | Create | Archer |
| 17:09 | Create | Archer |
| 17:59 | Build | House |
| 18:39 | Build | Gate |
| 19:16 | Create | Villager (Male) |
| 19:16 | Create | Villager (Male) |
| 19:16 | Create | Villager (Male) |
| 19:18 | Build | Farm |
| 19:19 | Build | Farm |
| 19:19 | Build | Farm |
| 19:19 | Build | Farm |
| 19:20 | Build | Farm |
| 19:20 | Build | Farm |
| 19:20 | Build | Farm |
| 19:20 | Build | Farm |
| 19:21 | Build | Farm |
| 19:21 | Build | Farm |
| 19:33 | Build | House |
| 19:57 | Create | Villager (Male) |
| 19:59 | Create | Archer |
| 19:59 | Create | Archer |
| 20:35 | Build | House |
| 20:45 | Create | Villager (Male) |
| 21:14 | Create | Villager (Male) |
| 21:28 | Build | Archery Range |
| 21:37 | Research | Castle Age |
| 21:42 | Research | Horse Collar |
| 21:44 | Create | Archer |
| 21:44 | Create | Archer |
| 21:45 | Create | Archer |
| 22:09 | Build | Farm |
| 22:29 | Create | Archer |
| 22:29 | Create | Archer |
| 22:34 | Build | Farm |
| 23:00 | Create | Villager (Male) |
| 23:04 | Create | Archer |
| 24:04 | Create | Villager (Male) |
| 24:07 | Research | Gold Mining |
| 24:26 | Age | Castle Age |
| 24:35 | Build | Town Center |
| 24:38 | Research | Crossbowman (upgrade) |
| 24:38 | Research | Bodkin Arrow |
| 25:06 | Create | Villager (Male) |
| 25:06 | Create | Villager (Male) |
| 25:11 | Build | Mining Camp |
| 25:13 | Research | Heavy Plow |
| 25:15 | Research | Bow Saw |
| 25:18 | Create | Archer |
| 25:18 | Create | Archer |
| 25:18 | Create | Archer |
| 25:32 | Build | Siege Workshop |
| 25:48 | Build | University |
| 25:53 | Research | Wheelbarrow |
| 25:55 | Create | Archer |
| 26:02 | Create | Villager (Male) |
| 26:03 | Create | Villager (Male) |
| 26:12 | Build | Farm |
| 26:12 | Build | Farm |
| 26:13 | Build | Farm |
| 26:13 | Build | Farm |
| 26:20 | Build | Farm |
| 26:21 | Build | Farm |
| 26:25 | Create | Villager (Male) |
| 26:29 | Create | Archer |
| 26:29 | Create | Archer |
| 26:29 | Create | Archer |
| 26:36 | Build | Archery Range |
| 26:55 | Create | Battering Ram |
| 26:58 | Create | Villager (Male) |
| 26:59 | Create | Villager (Male) |
| 27:01 | Create | Villager (Male) |
| 27:01 | Create | Villager (Male) |
| 27:29 | Build | House |
| 27:33 | Build | House |
| 28:02 | Create | Battering Ram |
| 28:06 | Create | Archer |
Build order — Bloodskill96
First 150 of 367 actions detected
| 0:01 | Create | Villager (Male) |
| 0:01 | Create | Villager (Male) |
| 0:01 | Create | Villager (Male) |
| 0:02 | Create | Villager (Male) |
| 0:03 | Build | House |
| 0:04 | Build | House |
| 1:28 | Create | Villager (Male) |
| 1:29 | Create | Villager (Male) |
| 1:54 | Build | Lumber Camp |
| 2:11 | Create | Villager (Male) |
| 2:11 | Create | Villager (Male) |
| 2:11 | Create | Villager (Male) |
| 2:46 | Research | Loom |
| 2:47 | Create | Villager (Male) |
| 2:47 | Create | Villager (Male) |
| 3:31 | Create | Villager (Male) |
| 3:31 | Create | Villager (Male) |
| 3:51 | Create | Villager (Male) |
| 3:51 | Create | Villager (Male) |
| 3:51 | Create | Villager (Male) |
| 3:51 | Create | Villager (Male) |
| 4:13 | Create | Villager (Male) |
| 4:13 | Create | Villager (Male) |
| 4:35 | Create | Villager (Male) |
| 4:36 | Create | Villager (Male) |
| 4:42 | Build | House |
| 5:04 | Build | House |
| 5:15 | Build | Palisade Wall |
| 5:16 | Build | Palisade Wall |
| 5:16 | Build | Palisade Wall |
| 5:52 | Create | Villager (Male) |
| 6:03 | Build | Barracks |
| 6:09 | Build | Palisade Wall |
| 6:13 | Create | Villager (Male) |
| 6:14 | Create | Villager (Male) |
| 6:59 | Create | Villager (Male) |
| 6:59 | Create | Villager (Male) |
| 7:14 | Create | Militia |
| 7:20 | Create | Villager (Male) |
| 7:31 | Create | Villager (Male) |
| 7:57 | Build | Mining Camp |
| 8:07 | Create | Villager (Male) |
| 8:26 | Create | Militia |
| 8:28 | Create | Villager (Male) |
| 8:43 | Build | Mill |
| 9:05 | Create | Militia |
| 9:12 | Build | House |
| 9:25 | Create | Villager (Male) |
| 9:44 | Build | House |
| 9:45 | Create | Villager (Male) |
| 10:00 | Create | Militia |
| 10:45 | Build | Farm |
| 10:45 | Build | Farm |
| 10:46 | Build | Farm |
| 10:46 | Build | Farm |
| 10:47 | Build | Farm |
| 10:51 | Build | House |
| 10:59 | Create | Villager (Male) |
| 11:06 | Build | House |
| 11:33 | Create | Villager (Male) |
| 11:33 | Create | Villager (Male) |
| 11:41 | Build | Palisade Gate |
| 12:02 | Build | Farm |
| 12:02 | Build | Farm |
| 12:37 | Create | Villager (Male) |
| 13:01 | Research | Feudal Age |
| 14:02 | Create | Militia |
| 14:02 | Create | Militia |
| 14:17 | Build | House |
| 14:50 | Create | Villager (Male) |
| 14:51 | Create | Villager (Male) |
| 15:12 | Age | Feudal Age |
| 15:19 | Build | Blacksmith |
| 15:29 | Research | Arson |
| 15:33 | Build | Archery Range |
| 15:39 | Create | Villager (Male) |
| 15:48 | Build | Farm |
| 15:58 | Create | Villager (Male) |
| 16:05 | Research | Fletching |
| 16:12 | Create | Skirmisher |
| 16:17 | Build | Archery Range |
| 16:25 | Create | Militia |
| 16:27 | Create | Villager (Male) |
| 16:31 | Research | Horse Collar |
| 16:34 | Research | Double-Bit Axe |
| 16:37 | Create | Villager (Male) |
| 16:44 | Build | House |
| 16:58 | Create | Archer |
| 17:01 | Create | Skirmisher |
| 17:18 | Create | Archer |
| 17:18 | Create | Archer |
| 17:37 | Create | Militia |
| 17:38 | Create | Militia |
| 17:46 | Build | Mining Camp |
| 17:56 | Create | Archer |
| 17:56 | Create | Archer |
| 18:15 | Create | Archer |
| 18:15 | Create | Archer |
| 18:16 | Create | Villager (Male) |
| 18:17 | Create | Villager (Male) |
| 18:17 | Create | Villager (Male) |
| 18:21 | Build | House |
| 18:23 | Build | House |
| 18:50 | Create | Villager (Male) |
| 19:01 | Build | Market |
| 19:05 | Build | House |
| 19:18 | Create | Villager (Male) |
| 19:43 | Build | Farm |
| 19:43 | Build | Farm |
| 19:44 | Build | Farm |
| 19:44 | Build | Farm |
| 19:45 | Build | Farm |
| 20:26 | Build | Gate |
| 20:34 | Build | Mining Camp |
| 20:36 | Research | Castle Age |
| 21:31 | Research | Stone Mining |
| 23:01 | Build | Stone Wall |
| 23:16 | Age | Castle Age |
| 23:26 | Build | Krepost |
| 23:45 | Build | Gate |
| 24:06 | Build | Castle |
| 25:26 | Create | Villager (Male) |
| 25:26 | Create | Villager (Male) |
| 25:56 | Research | Bodkin Arrow |
| 26:39 | Create | Villager (Male) |
| 26:39 | Create | Villager (Male) |
| 26:48 | Build | Farm |
| 26:48 | Build | Farm |
| 26:49 | Build | Farm |
| 26:50 | Build | Farm |
| 27:00 | Build | Stone Wall |
| 27:09 | Build | Gate |
| 27:21 | Create | Villager (Male) |
| 27:55 | Create | Villager (Male) |
| 27:56 | Create | Villager (Male) |
| 28:17 | Create | Villager (Male) |
| 28:46 | Build | Town Center |
| 29:00 | Create | Villager (Male) |
| 29:14 | Create | Villager (Male) |
| 29:16 | Create | Villager (Male) |
| 29:19 | Research | Bow Saw |
| 29:44 | Create | Villager (Male) |
| 30:10 | Create | Villager (Male) |
| 30:10 | Create | Villager (Male) |
| 30:10 | Create | Villager (Male) |
| 30:10 | Create | Villager (Male) |
| 30:38 | Build | Siege Workshop |
| 30:40 | Create | Villager (Male) |
| 30:41 | Create | Villager (Male) |
| 30:43 | Create | Villager (Male) |
Build order — CTM | Valquian
First 150 of 392 actions detected
| 0:04 | Build | House |
| 0:05 | Build | House |
| 0:17 | Create | Villager (Male) |
| 0:17 | Create | Villager (Male) |
| 0:17 | Create | Villager (Male) |
| 0:17 | Create | Villager (Male) |
| 0:17 | Create | Villager (Male) |
| 1:36 | Build | Lumber Camp |
| 1:40 | Build | Lumber Camp |
| 1:46 | Create | Villager (Male) |
| 1:46 | Create | Villager (Male) |
| 2:24 | Create | Villager (Male) |
| 2:24 | Create | Villager (Male) |
| 2:46 | Create | Villager (Male) |
| 3:09 | Create | Villager (Male) |
| 3:09 | Create | Villager (Male) |
| 3:15 | Build | House |
| 3:28 | Create | Villager (Male) |
| 3:32 | Build | House |
| 4:04 | Create | Villager (Male) |
| 4:04 | Create | Villager (Male) |
| 4:12 | Build | Mill |
| 4:26 | Create | Villager (Male) |
| 4:26 | Create | Villager (Male) |
| 4:48 | Create | Villager (Male) |
| 4:48 | Create | Villager (Male) |
| 4:48 | Create | Villager (Male) |
| 4:49 | Create | Villager (Male) |
| 4:49 | Create | Villager (Male) |
| 5:34 | Create | Villager (Male) |
| 6:05 | Create | Villager (Male) |
| 6:06 | Create | Villager (Male) |
| 6:06 | Create | Villager (Male) |
| 6:35 | Build | Palisade Gate |
| 6:38 | Build | Palisade Wall |
| 7:04 | Create | Villager (Male) |
| 7:41 | Create | Villager (Male) |
| 7:55 | Create | Villager (Male) |
| 8:06 | Create | Villager (Male) |
| 8:36 | Build | Barracks |
| 8:59 | Build | Farm |
| 9:02 | Build | Farm |
| 9:04 | Create | Villager (Male) |
| 9:14 | Build | Farm |
| 9:29 | Create | Villager (Male) |
| 9:32 | Build | Farm |
| 9:35 | Build | Farm |
| 9:45 | Build | Mining Camp |
| 9:59 | Research | Feudal Age |
| 10:43 | Build | Farm |
| 10:52 | Create | Villager (Male) |
| 11:59 | Create | Villager (Male) |
| 12:09 | Age | Feudal Age |
| 12:15 | Build | Blacksmith |
| 12:19 | Build | Market |
| 12:34 | Build | Farm |
| 12:58 | Create | Villager (Male) |
| 13:24 | Research | Castle Age |
| 13:24 | Research | Castle Age |
| 13:25 | Research | Castle Age |
| 14:01 | Build | House |
| 15:19 | Build | Barracks |
| 15:25 | Create | Villager (Male) |
| 15:33 | Build | Mill |
| 15:34 | Build | Farm |
| 16:02 | Build | Stable |
| 16:03 | Build | Stable |
| 16:04 | Age | Castle Age |
| 16:07 | Research | Forging |
| 16:07 | Research | Scale Barding Armor |
| 16:07 | Research | Scale Barding Armor |
| 16:37 | Create | Villager (Male) |
| 16:38 | Create | Villager (Male) |
| 16:44 | Research | Bloodlines |
| 17:15 | Create | Villager (Male) |
| 17:32 | Create | Knight ×3 |
| 17:35 | Create | Knight |
| 17:35 | Create | Knight |
| 17:51 | Create | Villager (Male) |
| 18:06 | Create | Knight |
| 18:09 | Create | Villager (Male) |
| 18:20 | Build | Farm |
| 18:21 | Build | Farm |
| 18:21 | Build | Farm |
| 18:22 | Build | Farm |
| 18:23 | Create | Villager (Male) |
| 18:37 | Build | Farm |
| 18:58 | Create | Villager (Male) |
| 19:00 | Create | Knight |
| 19:12 | Research | Loom |
| 19:14 | Build | House |
| 19:23 | Create | Knight ×2 |
| 19:37 | Create | Villager (Male) |
| 19:47 | Create | Knight |
| 20:13 | Build | House |
| 20:20 | Create | Villager (Male) |
| 20:20 | Create | Villager (Male) |
| 20:42 | Create | Villager (Male) |
| 20:42 | Create | Villager (Male) |
| 20:45 | Build | Monastery |
| 20:52 | Build | House |
| 21:06 | Create | Villager (Male) |
| 21:26 | Create | Villager (Male) |
| 21:29 | Build | Farm |
| 21:38 | Create | Monk |
| 21:45 | Build | Gate |
| 22:09 | Build | House |
| 22:14 | Build | Farm |
| 22:40 | Build | Town Center |
| 22:44 | Build | Farm |
| 22:46 | Create | Villager (Male) |
| 23:11 | Create | Knight ×5 |
| 23:21 | Build | House |
| 23:23 | Build | House |
| 23:29 | Create | Villager (Male) |
| 23:29 | Create | Villager (Male) |
| 23:48 | Create | Villager (Male) |
| 23:48 | Create | Villager (Male) |
| 23:58 | Create | Villager (Male) |
| 23:59 | Create | Villager (Male) |
| 24:15 | Create | Villager (Male) |
| 24:15 | Create | Villager (Male) |
| 24:33 | Research | Scale Mail Armor |
| 24:33 | Research | Chain Barding Armor |
| 24:34 | Research | Chain Barding Armor |
| 24:38 | Create | Villager (Male) |
| 24:38 | Create | Villager (Male) |
| 24:45 | Create | Knight ×2 |
| 24:59 | Build | Mill |
| 25:02 | Build | Farm |
| 25:03 | Build | Farm |
| 25:03 | Build | Farm |
| 25:03 | Build | Farm |
| 25:04 | Build | Farm |
| 25:10 | Create | Knight |
| 25:14 | Build | House |
| 25:15 | Build | House |
| 25:44 | Research | Town Watch |
| 25:45 | Research | Wheelbarrow |
| 25:45 | Research | Wheelbarrow |
| 25:50 | Research | Wheelbarrow |
| 25:50 | Research | Wheelbarrow |
| 25:51 | Create | Villager (Male) |
| 25:51 | Create | Villager (Male) |
| 25:55 | Build | Farm |
| 26:04 | Create | Knight |
| 26:20 | Create | Villager (Male) |
| 26:21 | Create | Villager (Male) |
| 26:21 | Create | Villager (Male) |
| 26:26 | Build | Farm |
Match timeline
| 2:43 | Rodrigovet · wall_segment Palisade Wall x11 |
| 4:49 | [H] Sir Benedict · wall_segment Palisade Wall x1 |
| 4:50 | [H] Sir Benedict · wall_segment Palisade Wall x1 |
| 4:51 | [H] Sir Benedict · wall_segment Palisade Wall x1 |
| 4:52 | bullmeister · wall_segment Palisade Wall x3 |
| 4:58 | bullmeister · wall_segment Palisade Wall x7 |
| 5:15 | Bloodskill96 · wall_segment Palisade Wall x1 |
| 5:16 | Bloodskill96 · wall_segment Palisade Wall x1 |
| 5:16 | Bloodskill96 · wall_segment Palisade Wall x1 |
| 5:19 | Rodrigovet · wall_segment Palisade Wall x6 |
| 5:23 | [H] Sir Benedict · wall_segment Palisade Wall x1 |
| 5:26 | [H] Sir Benedict · wall_segment Palisade Wall x6 |
| 5:32 | bullmeister · wall_segment Palisade Wall x5 |
| 6:03 | Bloodskill96 · first_building Barracks |
| 6:09 | Bloodskill96 · wall_segment Palisade Wall x1 |
| 6:11 | Fs.Corisco^Hs · wall_segment Palisade Wall x6 |
| 6:38 | CTM | Valquian · wall_segment Palisade Wall x6 |
| 6:46 | Rodrigovet · wall_segment Palisade Wall x3 |
| 6:48 | Rodrigovet · wall_segment Palisade Wall x5 |
| 6:54 | [H] Sir Benedict · wall_segment Palisade Wall x1 |
| 6:58 | [H] Sir Benedict · wall_segment Palisade Wall x5 |
| 7:08 | CTM | Lelouch · wall_segment Palisade Wall x7 |
| 7:17 | bullmeister · first_building Barracks |
| 7:19 | Rodrigovet · wall_segment Palisade Wall x1 |
| 7:25 | Rodrigovet · wall_segment Palisade Wall x2 |
| 7:28 | Rodrigovet · wall_segment Palisade Wall x4 |
| 7:43 | Fs.Corisco^Hs · wall_segment Palisade Wall x1 |
| 8:36 | CTM | Valquian · first_building Barracks |
| 9:07 | Rodrigovet · wall_segment Palisade Wall x1 |
| 9:17 | Fs.Corisco^Hs · age_up feudal |
| 10:12 | bullmeister · age_up feudal |
| 10:18 | bullmeister · first_building Archery Range |
| 10:40 | CTM | Lelouch · age_up feudal |
| 10:59 | [H] Sir Benedict · age_up feudal |
| 11:41 | CTM | EnanaAtomica · age_up feudal |
| 11:56 | [H] Sir Benedict · first_building Stable |
| 12:09 | CTM | Valquian · age_up feudal |
| 12:11 | Rodrigovet · first_building Barracks |
| 12:46 | Rodrigovet · age_up feudal |
| 13:06 | Rodrigovet · first_building Archery Range |
| 13:21 | bullmeister · wall_segment Palisade Wall x1 |
| 13:46 | [H] Sir Benedict · age_up castle |
| 14:32 | CTM | Lelouch · age_up castle |
| 14:37 | CTM | Lelouch · first_building Monastery |
| 14:55 | bullmeister · wall_segment Palisade Wall x1 |
| 15:08 | CTM | Lelouch · first_market_buy 100 stone |
| 15:12 | Bloodskill96 · age_up feudal |
| 15:12 | CTM | Lelouch · first_building Castle |
| 15:33 | Bloodskill96 · first_building Archery Range |
| 15:36 | CTM | EnanaAtomica · age_up castle |
| 16:02 | CTM | Valquian · first_building Stable |
| 16:04 | CTM | Valquian · age_up castle |
| 16:15 | CTM | EnanaAtomica · first_market_buy 100 stone |
| 16:46 | Fs.Corisco^Hs · first_building Barracks |
| 17:12 | CTM | Lelouch · first_market_sell 100 wood |
| 17:21 | CTM | EnanaAtomica · wall_segment Stone Wall x8 |
| 17:28 | CTM | EnanaAtomica · wall_segment Stone Wall x4 |
| 17:35 | Fs.Corisco^Hs · first_building Stable |
| 18:39 | CTM | EnanaAtomica · wall_segment Stone Wall x12 |
| 18:43 | CTM | EnanaAtomica · first_market_sell 100 wood |
| 19:02 | CTM | EnanaAtomica · first_building Siege Workshop |
| 20:10 | Bloodskill96 · first_market_buy 100 food |
| 20:45 | CTM | Valquian · first_building Monastery |
| 21:21 | Fs.Corisco^Hs · age_up castle |
| 21:28 | bullmeister · age_up castle |
| 21:32 | Rodrigovet · first_market_buy 100 food |
| 21:34 | Fs.Corisco^Hs · first_market_sell 100 wood |
| 21:34 | bullmeister · first_building Siege Workshop |
| 21:36 | Rodrigovet · first_market_sell 100 wood |
| 22:02 | Fs.Corisco^Hs · first_market_buy 100 stone |
| 22:37 | CTM | Valquian · first_market_buy 100 wood |
| 23:01 | Bloodskill96 · wall_segment Stone Wall x1 |
| 23:16 | Bloodskill96 · age_up castle |
| 23:26 | Bloodskill96 · first_building Krepost |
| 23:56 | Bloodskill96 · first_market_sell 500 wood |
| 24:06 | Bloodskill96 · first_building Castle |
| 24:26 | Rodrigovet · age_up castle |
| 25:24 | CTM | Lelouch · first_building Siege Workshop |
| 25:32 | Rodrigovet · first_building Siege Workshop |
| 25:56 | CTM | EnanaAtomica · first_building Castle |
| 27:00 | Bloodskill96 · wall_segment Stone Wall x13 |
| 27:34 | CTM | EnanaAtomica · first_building Barracks |
| 29:19 | Fs.Corisco^Hs · first_building Monastery |
| 30:07 | CTM | Valquian · first_market_sell 100 food |
| 30:12 | CTM | EnanaAtomica · age_up imperial |
| 30:38 | Bloodskill96 · first_building Siege Workshop |
| 31:24 | Fs.Corisco^Hs · first_building Castle |
| 31:31 | CTM | EnanaAtomica · first_building Archery Range |
| 31:54 | CTM | EnanaAtomica · first_building Stable |
| 32:04 | [H] Sir Benedict · first_building Siege Workshop |
| 32:43 | Rodrigovet · wall_segment Palisade Wall x1 |
| 32:50 | Rodrigovet · wall_segment Palisade Wall x1 |
| 32:53 | Rodrigovet · wall_segment Palisade Wall x1 |
| 33:00 | Rodrigovet · wall_segment Palisade Wall x1 |
| 33:01 | Rodrigovet · wall_segment Palisade Wall x1 |
| 33:04 | [H] Sir Benedict · wall_segment Stone Wall x16 |
| 33:46 | [H] Sir Benedict · wall_segment Stone Wall x15 |
| 34:08 | CTM | Valquian · first_building Castle |
| 34:53 | bullmeister · age_up imperial |
| 36:04 | CTM | Valquian · wall_segment Stone Wall x1 |
| 36:05 | CTM | Valquian · wall_segment Stone Wall x3 |
| 36:09 | CTM | Valquian · wall_segment Stone Wall x9 |
| 36:44 | Fs.Corisco^Hs · age_up imperial |
| 36:45 | [H] Sir Benedict · first_building Barracks |
| 37:23 | [H] Sir Benedict · age_up imperial |
| 39:15 | CTM | Lelouch · first_building Barracks |
| 39:29 | CTM | Lelouch · age_up imperial |
| 40:05 | CTM | Lelouch · first_building Archery Range |
| 40:07 | bullmeister · first_building Castle |
| 40:26 | CTM | Valquian · age_up imperial |
| 41:10 | [H] Sir Benedict · first_building Monastery |
| 41:33 | bullmeister · first_building Monastery |
| 44:37 | Bloodskill96 · age_up imperial |
| 46:14 | CTM | Valquian · first_building Archery Range |
| 49:11 | CTM | Lelouch · resign |
[ AI ANALYSIS · 1 CREDIT ]
What really happened in this match?
Wolo.gg analyzes every decision: build order, eco, micro, common mistakes by bracket. Personalized analysis on WhatsApp or Discord in 30 seconds.
Civ guide
Khmer
Perfil
Jugador #809309